cohdb
Replays
Latest Replays
All Replays
Popular Replays
Top Player Replays
Match Explorer
How It Works
Community
CoH3 Stats
Reddit
Sign in to upload your games and track your stats! →
Sign in with Steam
2v2 match 8rads+paks
Match 25532217
Overview
Messages
Build Orders
End
Construct Infanterie Kompanie
Pioneer Squad
Grenadier Squad
Grenadier Squad
MG 42 Machine Gun Team
Construct Panzergrenadier Kompanie
Panzergrenadier Squad
Pak 40 Anti-tank Gun Team
Selects Mechanized Battlegroup
Selects Raid Package
Selects 8 Rad Armored Car
8 Rad Armored Car
8 Rad Armored Car
Pak 40 Anti-tank Gun Team
8 Rad Armored Car
8 Rad Armored Car
Selects Spotting Scopes
Selects Stoßtruppen Assault Package
Selects Mechanized Assault
Construct Panzer Kompanie
Panzer IV Medium Tank
Panzer IV Medium Tank
Panzer Officer Quarters
Mechanized Assault
CompositionB
kaaadviosr
aSIIWarbringer
aSIISymbiosis
0
0
Comments
sign in to comment!
No comments posted yet!